3AA
FT. POLK SOUTH THUNDER HAWKS @ BILLINGS POLAR BEARS
09/16/2022
 
TOP OF THE 1ST
Ft. Polk South Thunder Hawks batting - Pitching for Billings Polar Bears : RHP Jim Unknown
Pitching: RHP Jim Unknown
Batting: SHB Francisco Reyes 0-0: Ball
1-0: Foul Ball, location: 2F
1-1: Ball
2-1: Fly out, F7 (Flyball, 7D)
Batting: RHB Robbie Chambers 0-0: Called Strike
0-1: Ball
1-1: Ground out 5-3 (Groundball, 5S)
Batting: RHB Darrell Goldstein 0-0: Called Strike
0-1: Ball
1-1: Ball
2-1: DOUBLE (Line Drive, 7D)
Batting: SHB Ted Hansen 0-0: Ball
1-0: Ball
2-0: Ball
3-0: Base on Balls
Batting: RHB Jack Peck 0-0: Ball
1-0: Foul Ball, location: 2F
1-1: Ball
2-1: Ball
3-1: Base on Balls
Darrell Goldstein to third
Ted Hansen to second
Batting: RHB Tommy Stanley 0-0: Called Strike
0-1: Swinging Strike
0-2: Foul Ball, location: 2F
0-2: Strikes out looking
Top of the 1st over - 0 run(s), 1 hit(s), 0 error(s), 3 left on base; Ft. Polk South 0 - Billings 0
BOTTOM OF THE 1ST
Billings Polar Bears batting - Pitching for Ft. Polk South Thunder Hawks : RHP Colijn de Goedere
Pitching: RHP Colijn de Goedere
Batting: RHB Jorge Rivera 0-0: Called Strike
0-1: Fly out, F9 (Flyball, 89M)
Batting: LHB Qi-zhen Loong 0-0: Ball
1-0: Foul Ball, location: 2F
1-1: Called Strike
1-2: Fly out, F5 (Popup, 5F)
Batting: RHB Gerardo Castillo 0-0: Ball
1-0: Foul Ball, location: 2F
1-1: Ball
2-1: Called Strike
2-2: Ground out U3 (Groundball, 3S)
Bottom of the 1st over - 0 run(s), 0 hit(s), 0 error(s), 0 left on base; Ft. Polk South 0 - Billings 0
TOP OF THE 2ND
Ft. Polk South Thunder Hawks batting - Pitching for Billings Polar Bears : RHP Jim Unknown
Batting: SHB Paul Wright 0-0: Ground out U3 (Groundball, 3)
Batting: LHB José López 0-0: Ball
1-0: Called Strike
1-1: Ball
2-1: Called Strike
2-2: Strikes out looking
Batting: RHB Henry Weber 0-0: Ball
1-0: Swinging Strike
1-1: Foul Ball, location: 2F
1-2: Foul Ball, location: 2F
1-2: SINGLE (Groundball, 6M)
Batting: SHB Francisco Reyes 0-0: Called Strike
0-1: SINGLE (Line Drive, 78S)
Henry Weber to second
Batting: RHB Robbie Chambers 0-0: Ball
1-0: Fielders Choice at 2nd, 6-4 (Groundball, 6)
Top of the 2nd over - 0 run(s), 2 hit(s), 0 error(s), 1 left on base; Ft. Polk South 0 - Billings 0
BOTTOM OF THE 2ND
Billings Polar Bears batting - Pitching for Ft. Polk South Thunder Hawks : RHP Colijn de Goedere
Batting: RHB Armando Reyes 0-0: Ball
1-0: Ball
2-0: Fly out, F8 (Flyball, 8LM)
Batting: LHB Felipe Trujillo 0-0: Called Strike
0-1: Foul Ball, location: 2F
0-2: Foul Ball, location: 2F
0-2: Ball
1-2: Ground out 1-3 (Groundball, 13S)
Batting: RHB Will Robinson 0-0: Called Strike
0-1: Ball
1-1: Ball
2-1: Foul Ball, location: 2F
2-2: Foul Ball, location: 2F
2-2: DOUBLE (Line Drive, 3D)
Batting: RHB Nobuhiko Nakayama 0-0: Ball
1-0: Called Strike
1-1: Swinging Strike
1-2: Strikes out swinging
Bottom of the 2nd over - 0 run(s), 1 hit(s), 0 error(s), 1 left on base; Ft. Polk South 0 - Billings 0
TOP OF THE 3RD
Ft. Polk South Thunder Hawks batting - Pitching for Billings Polar Bears : RHP Jim Unknown
Batting: RHB Darrell Goldstein 0-0: Foul Ball, location: 2F
0-1: Fly out, F1 (Line Drive, 15)
Batting: SHB Ted Hansen 0-0: Called Strike
0-1: Ball
1-1: Called Strike
1-2: Strikes out swinging
Batting: RHB Jack Peck 0-0: SOLO HOME RUN (Flyball, 7D), Distance : 376 ft
Batting: RHB Tommy Stanley 0-0: SINGLE (Line Drive, 89S)
Batting: SHB Paul Wright 0-0: Ball
1-0: Ground out U3 (Groundball, 3L)
Top of the 3rd over - 1 run(s), 2 hit(s), 0 error(s), 1 left on base; Ft. Polk South 1 - Billings 0
BOTTOM OF THE 3RD
Billings Polar Bears batting - Pitching for Ft. Polk South Thunder Hawks : RHP Colijn de Goedere
Batting: RHB Félix Aguilar 0-0: Swinging Strike
0-1: Foul Ball, location: 2F
0-2: Foul Ball, location: 2F
0-2: Ball
1-2: Foul Ball, location: 2F
1-2: Ball
2-2: SINGLE (Groundball, 56) (infield hit)
Batting: RHB Raúl Delgado 0-0: Foul Ball, location: 2F
0-1: Ball
1-1: Ball
2-1: SINGLE (Groundball, 56D)
Félix Aguilar to second
Batting: RHB Jorge Rivera 0-0: DOUBLE (Line Drive, 8RXD)
Félix Aguilar scores
Raúl Delgado to third
Batting: LHB Qi-zhen Loong 0-0: Called Strike
0-1: Ball
1-1: Ball
2-1: Foul Ball, location: 2F
2-2: Ball
3-2: Foul Ball, location: 2F
3-2: Foul Ball, location: 2F
3-2: DOUBLE (Line Drive, 7LS)
Raúl Delgado scores
Jorge Rivera scores
Batting: RHB Gerardo Castillo 0-0: Ground out 4-3 (Groundball, 34)
Qi-zhen Loong to third
Batting: RHB Armando Reyes 0-0: Swinging Strike
0-1: Fly out, F9 (Line Drive, 9M)
Runner from 3rd tags up, OUT at HOME
Bottom of the 3rd over - 3 run(s), 4 hit(s), 0 error(s), 0 left on base; Ft. Polk South 1 - Billings 3
TOP OF THE 4TH
Ft. Polk South Thunder Hawks batting - Pitching for Billings Polar Bears : RHP Jim Unknown
Batting: LHB José López 0-0: Called Strike
0-1: Ground out 5-3 (Groundball, 5S)
Batting: RHB Henry Weber 0-0: Ball
1-0: SOLO HOME RUN (Flyball, 7D), Distance : 378 ft
Batting: SHB Francisco Reyes 0-0: Called Strike
0-1: Bunted foul
0-2: Ball
1-2: DOUBLE (Flyball, 8LM)
Batting: RHB Robbie Chambers 0-0: Swinging Strike
0-1: Ball
1-1: Called Strike
1-2: Ball
2-2: Ball
3-2: Foul Ball, location: 2F
3-2: SINGLE (Flyball, 8LS)
Francisco Reyes to third
Batting: RHB Darrell Goldstein 0-0: Foul Ball, location: 2F
0-1: Ball
1-1: Ball
2-1: Foul Ball, location: 2F
2-2: Foul Ball, location: 2F
2-2: SINGLE (Groundball, 25) (infield hit)
Robbie Chambers to second
Batting: SHB Ted Hansen 0-0: Called Strike
0-1: Fielders Choice at 2nd, 3-6 (Groundball, 34)
Francisco Reyes scores
Robbie Chambers to third
Batting: RHB Jack Peck 0-0: Swinging Strike
0-1: Swinging Strike
0-2: Foul Ball, location: 2F
0-2: Ball
1-2: Ball
2-2: Strikes out swinging
Top of the 4th over - 2 run(s), 4 hit(s), 0 error(s), 2 left on base; Ft. Polk South 3 - Billings 3
BOTTOM OF THE 4TH
Billings Polar Bears batting - Pitching for Ft. Polk South Thunder Hawks : RHP Colijn de Goedere
Batting: LHB Felipe Trujillo 0-0: Ball
1-0: Ball
2-0: Called Strike
2-1: Ball
3-1: Base on Balls
Batting: RHB Will Robinson 0-0: Foul Ball, location: 2F
0-1: Foul Ball, location: 2F
0-2: Ball
1-2: Ball
2-2: Fly out, F6 (Popup, 6M)
Batting: RHB Nobuhiko Nakayama 0-0: Ball
1-0: Fly out, F9 (Flyball, 9LMF)
Batting: RHB Félix Aguilar 0-0: Called Strike
0-1: Ball
1-1: Ground out 2-3 (Groundball, 2L)
Bottom of the 4th over - 0 run(s), 0 hit(s), 0 error(s), 1 left on base; Ft. Polk South 3 - Billings 3
TOP OF THE 5TH
Ft. Polk South Thunder Hawks batting - Pitching for Billings Polar Bears : RHP Jim Unknown
Batting: RHB Tommy Stanley 0-0: Ball
1-0: Ball
2-0: Called Strike
2-1: Swinging Strike
2-2: Strikes out looking
Batting: SHB Paul Wright 0-0: Ball
1-0: Fly out, F1 (Line Drive, 15)
Batting: LHB José López 0-0: Swinging Strike
0-1: Ball
1-1: Foul Ball, location: 2F
1-2: Ball
2-2: Fly out, F4 (Line Drive, 34)
Top of the 5th over - 0 run(s), 0 hit(s), 0 error(s), 0 left on base; Ft. Polk South 3 - Billings 3
BOTTOM OF THE 5TH
Billings Polar Bears batting - Pitching for Ft. Polk South Thunder Hawks : RHP Colijn de Goedere
Batting: RHB Raúl Delgado 0-0: Reached on error, E5 (Groundball, 5L)
Batting: RHB Jorge Rivera 0-0: Ball
1-0: Ball
2-0: Foul Ball, location: 2F
2-1: Foul Ball, location: 2F
2-2: Ball
3-2: Base on Balls
Raúl Delgado to second
Batting: LHB Qi-zhen Loong 0-0: Called Strike
0-1: Foul Ball, location: 2F
0-2: Ball
1-2: Foul Ball, location: 2F
1-2: Foul Ball, location: 2F
1-2: 3-RUN HOME RUN (Flyball, 9D), Distance : 383 ft
Pitching: RHP Marc Graham
Batting: RHB Gerardo Castillo 0-0: Swinging Strike
0-1: Ball
1-1: Called Strike
1-2: Fly out, F4 (Popup, 4)
Batting: RHB Armando Reyes 0-0: Foul Ball, location: 2F
0-1: Swinging Strike
0-2: Ground out 5-3 (Groundball, 5S)
Batting: LHB Felipe Trujillo 0-0: Ball
1-0: Called Strike
1-1: Swinging Strike
1-2: Hit by Pitch
Batting: RHB Will Robinson 0-0: Called Strike
0-1: Foul Ball, location: 2F
0-2: Foul Ball, location: 2F
0-2: Foul Ball, location: 2F
0-2: Ground out 4-3 (Groundball, 4)
Bottom of the 5th over - 3 run(s), 1 hit(s), 1 error(s), 1 left on base; Ft. Polk South 3 - Billings 6
TOP OF THE 6TH
Ft. Polk South Thunder Hawks batting - Pitching for Billings Polar Bears : RHP Jim Unknown
Batting: RHB Henry Weber 0-0: Foul Ball, location: 2F
0-1: Foul Ball, location: 2F
0-2: Ball
1-2: Foul Ball, location: 2F
1-2: Ground out 6-3 (Groundball, 6)
Batting: SHB Francisco Reyes 0-0: Called Strike
0-1: Foul Ball, location: 2F
0-2: Ball
1-2: DOUBLE (Line Drive, 7LM)
Batting: RHB Robbie Chambers 0-0: Ball
1-0: Foul Ball, location: 2F
1-1: Ball
2-1: Ground out 5-3 (Groundball, 56)
Batting: RHB Darrell Goldstein 0-0: Ground out 6-3 (Groundball, 6M)
Top of the 6th over - 0 run(s), 1 hit(s), 0 error(s), 1 left on base; Ft. Polk South 3 - Billings 6
BOTTOM OF THE 6TH
Billings Polar Bears batting - Pitching for Ft. Polk South Thunder Hawks : RHP Marc Graham
Batting: RHB Nobuhiko Nakayama 0-0: Ball
1-0: Ball
2-0: Ground out 1-3 (Groundball, 13)
Batting: RHB Félix Aguilar 0-0: Ground out 5-3 (Groundball, 56)
Batting: RHB Raúl Delgado 0-0: Ball
1-0: Called Strike
1-1: Fly out, F7 (Flyball, 7M)
Bottom of the 6th over - 0 run(s), 0 hit(s), 0 error(s), 0 left on base; Ft. Polk South 3 - Billings 6
TOP OF THE 7TH
Ft. Polk South Thunder Hawks batting - Pitching for Billings Polar Bears : RHP Jim Unknown
Batting: SHB Ted Hansen 0-0: Called Strike
0-1: Swinging Strike
0-2: Strikes out looking
Batting: RHB Jack Peck 0-0: Ground out 4-3 (Groundball, 4)
Batting: RHB Tommy Stanley 0-0: Foul Ball, location: 2F
0-1: Ball
1-1: Ball
2-1: Foul Ball, location: 2F
2-2: Ground out 4-3 (Groundball, 4)
Top of the 7th over - 0 run(s), 0 hit(s), 0 error(s), 0 left on base; Ft. Polk South 3 - Billings 6
BOTTOM OF THE 7TH
Billings Polar Bears batting - Pitching for Ft. Polk South Thunder Hawks : RHP Marc Graham
Batting: RHB Jorge Rivera 0-0: Fly out, F9 (Flyball, 89S)
Batting: LHB Qi-zhen Loong 0-0: Ball
1-0: Called Strike
1-1: Ground out 6-3 (Groundball, 6M)
Batting: RHB Gerardo Castillo 0-0: Ball
1-0: Swinging Strike
1-1: Ball
2-1: Called Strike
2-2: Ball
3-2: Foul Ball, location: 2F
3-2: Strikes out swinging
Bottom of the 7th over - 0 run(s), 0 hit(s), 0 error(s), 0 left on base; Ft. Polk South 3 - Billings 6
TOP OF THE 8TH
Ft. Polk South Thunder Hawks batting - Pitching for Billings Polar Bears : RHP Jim Unknown
Pitching: RHP Jim Unknown
Batting: SHB Paul Wright 0-0: Swinging Strike
0-1: Ball
1-1: Ball
2-1: Swinging Strike
2-2: Ball
3-2: Strikes out swinging
Batting: LHB José López 0-0: Swinging Strike
0-1: SINGLE (Flyball, 8LM)
Batting: RHB Henry Weber 0-0: Swinging Strike
0-1: Swinging Strike
0-2: Strikes out swinging
Batting: SHB Francisco Reyes 0-0: Called Strike
0-1: Ground out U3 (Groundball, 3L)
Top of the 8th over - 0 run(s), 1 hit(s), 0 error(s), 1 left on base; Ft. Polk South 3 - Billings 6
BOTTOM OF THE 8TH
Billings Polar Bears batting - Pitching for Ft. Polk South Thunder Hawks : RHP Marc Graham
Batting: RHB Armando Reyes 0-0: Swinging Strike
0-1: Called Strike
0-2: SOLO HOME RUN (Flyball, 78XD), Distance : 422 ft
Batting: LHB Felipe Trujillo 0-0: Ball
1-0: Called Strike
1-1: Ball
2-1: Ball
3-1: Foul Ball, location: 2F
3-2: Strikes out looking
Batting: RHB Will Robinson 0-0: Called Strike
0-1: Fly out, F9 (Line Drive, 9M)
Pitching: RHP Ricardo Gómez
Batting: RHB Nobuhiko Nakayama 0-0: Called Strike
0-1: Ball
1-1: Ground out 5-3 (Groundball, 56)
Bottom of the 8th over - 1 run(s), 1 hit(s), 0 error(s), 0 left on base; Ft. Polk South 3 - Billings 7
TOP OF THE 9TH
Ft. Polk South Thunder Hawks batting - Pitching for Billings Polar Bears : RHP Jim Unknown
Batting: RHB Robbie Chambers 0-0: Called Strike
0-1: Ball
1-1: Called Strike
1-2: Foul Ball, location: 2F
1-2: Strikes out swinging
Batting: RHB Darrell Goldstein 0-0: Ball
1-0: Ball
2-0: Called Strike
2-1: Foul Ball, location: 2F
2-2: SINGLE (Line Drive, 6D)
Batting: SHB Ted Hansen 0-0: Ball
1-0: Ball
2-0: Foul Ball, location: 2F
2-1: Swinging Strike
2-2: Ball
3-2: Foul Ball, location: 2F
3-2: Strikes out looking
Batting: RHB Jack Peck 0-0: Ground out U3 (Groundball, 3)
Top of the 9th over - 0 run(s), 1 hit(s), 0 error(s), 1 left on base; Ft. Polk South 3 - Billings 7
This league is powered by Out of the Park Baseball, the baseball management simulation game for PC, Mac and Linux
Friday, April 15th, 2016 - OOTP Baseball 16.9 Build 39